 Dungeon Crawl Stone Soup version 0.23.2-1-ga50397a6bc (webtiles) character file.

Game seed: 378224479398277805

376 Mrkan the Chopper (level 6, 0/57 HPs)
             Began as a Hill Orc Fighter on May 22, 2019.
             Was an Initiate of Ashenzari.
             Slain by an ogre
             ... wielding a +0 giant club
              (21 damage)
             ... on level 4 of the Dungeon.
             The game lasted 00:05:25 (2639 turns).

Mrkan the Chopper (Hill Orc Fighter)                Turns: 2639, Time: 00:05:25

Health: 0/57       AC:  6    Str: 19    XL:     6   Next: 73%
Magic:  6/6        EV:  7    Int:  8    God:    Ashenzari [......]
Gold:   226        SH:  9    Dex: 12    Spells: 5/5 levels left

rFire    . . .     SeeInvis .   a - +0 war axe
rCold    . . .     Gourm    .   c - +0 shield
rNeg     . . .     Faith    .   b - +0 scale mail
rPois    .         Spirit   .   (no helmet)
rElec    .         Reflect  .   (no cloak)
rCorr    .         Harm     .   (no gloves)
MR       .....                  (no boots)
Stlth    ..........             (no amulet)
HPRegen  0.19/turn              (no ring)
MPRegen  0.10/turn              (no ring)

@: no status effects
A: no striking features
a: Curse Item, Renounce Religion


You were on level 4 of the Dungeon.
You worshipped Ashenzari.
Ashenzari was noncommittal.
You were not hungry.

You visited 1 branch of the dungeon, and saw 4 of its levels.

You collected 226 gold pieces.

Inventory:

Hand Weapons
 a - a +0 war axe (weapon)
Armour
 b - a +0 scale mail (worn)
 c - a +0 shield (worn)
Jewellery
 n - an uncursed ring of protection from fire
 p - a cursed ring of fire
 r - an uncursed amulet of harm
 u - a cursed -2 ring of strength
Wands
 h - a wand of random effects (24)
 q - a wand of digging (6)
Scrolls
 d - 2 scrolls of enchant armour {unknown}
 e - a scroll of noise {unknown}
 i - 2 scrolls of fog
 k - 2 scrolls of fear
 m - 2 scrolls of enchant weapon
 o - 2 scrolls of teleportation {unknown}
 t - 2 scrolls of immolation
 x - a scroll of identify
Potions
 g - 2 potions of lignification
 j - 2 potions of flight
 l - a potion of haste
 s - a potion of berserk rage
 v - a potion of magic
Comestibles
 f - 5 rations


   Skills:
 + Level 5.8 Fighting
 * Level 7.6 Axes
 - Level 3.2 Armour
 - Level 3.2 Shields


You had 5 spell levels left.
You didn't know any spells.
Your spell library was empty.

Dungeon Overview and Level Annotations

Branches:
Dungeon (4/15)
 Temple: D:4-7

Altars:
Ashenzari
Elyvilon
Fedhas
Nemelex Xobeh
Okawaru
Sif Muna
Trog
Uskayaw
Zin


Message History

The ogre hits you with a +0 giant spiked club!
You hit the ogre.
The ogre is severely wounded.
The ogre barely misses you.
Your shield and scale mail prevent you from hitting the ogre.
The ogre is severely wounded.
The ogre barely misses you.
You slice the ogre!!
You kill the ogre!
Things that are here:
a +0 giant spiked club; an ogre corpse An ogre comes into view.
It is wielding a +0 giant club.
The ogre shouts!
An ogre is nearby!
The ogre hits you with a +0 giant club! You block the ogre's attack.
You barely miss the ogre. You block the ogre's attack.
You barely miss the ogre.
The ogre hits you with a +0 giant club!!
You die...

#...########
###.## ##.#.##
##.###.## #.##
##.#
##.###.#####
##.#)##...######
##.###.O.......
#.# #.@.#
#.####.##
#......#
########


You could see an ogre.

Vanquished Creatures
  An ogre (D:4)
  An orc priest (D:4)
  2 worker ants
  Ijyb (D:4)
  A worker ant zombie (D:2)
  3 adders (D:3)
  3 gnolls (D:3)
  3 oozes
  5 worms
  A dart slug (D:1)
  2 leopard geckos (D:3)
  9 orcs
  9 bats
  A bat skeleton (D:2)
  2 giant cockroaches
  9 goblins
  4 hobgoblins
  11 jackals
  8 kobolds
  2 ball pythons (D:3)
  4 frilled lizards
  A giant cockroach zombie (D:2)
  3 rats
86 creatures vanquished.

Notes
Turn   | Place    | Note
-------+----------+-------------------------------------------
     0 | D:1      | Mrkan the Hill Orc Fighter began the quest for the Orb.
     0 | D:1      | Reached XP level 1. HP: 19/19 MP: 1/1
    37 | D:1      | Reached skill level 3 in Axes
    38 | D:1      | Reached XP level 2. HP: 27/27 MP: 2/2
   297 | D:1      | Reached skill level 4 in Axes
   334 | D:1      | Reached XP level 3. HP: 33/33 MP: 3/3
  1097 | D:2      | Reached XP level 4. HP: 34/41 MP: 4/4
  1123 | D:2      | Reached skill level 5 in Axes
  1458 | D:3      | Reached XP level 5. HP: 25/47 MP: 5/5
  1677 | D:3      | Reached skill level 6 in Axes
  1678 | D:3      | Reached skill level 5 in Fighting
  2087 | D:3      | Found a shattered altar of Ashenzari.
  2091 | D:3      | Found a bloodstained altar of Trog.
  2093 | D:3      | Became a worshipper of Ashenzari the Shackled
  2095 | D:3      | Found an iron altar of Okawaru.
  2096 | D:3      | Found a hide-covered altar of Uskayaw.
  2096 | D:3      | Found a glowing silver altar of Zin.
  2096 | D:3      | Found a deep blue altar of Sif Muna.
  2099 | D:3      | Found a white marble altar of Elyvilon.
  2100 | D:3      | Found a blossoming altar of Fedhas.
  2101 | D:3      | Found a sparkling altar of Nemelex Xobeh.
  2464 | D:4      | Reached XP level 6. HP: 56/56 MP: 6/6
  2465 | D:4      | Noticed Ijyb
  2475 | D:4      | Killed Ijyb
  2475 | D:4      | Reached skill level 7 in Axes
  2639 | D:4      | Slain by an ogre

Skill      XL: |  1  2  3  4  5  6 |
---------------+-------------------+-----
Axes           | 3 4 5 6 7 |  7.6
Fighting       | 4 5 |  5.8
Armour         | |  3.2
Shields        | |  3.2

Action                   |  1- 3 |  4- 6 || total
-------------------------+-------+-------++-------
Melee: War axe           |   131 |   148 ||   279
  Use: Scroll            |       |     9 ||     9
       Potion            |       |     1 ||     1
  Eat: Chunk             |     1 |     5 ||     6
Armor: Scale mail        |    62 |    43 ||   105
Dodge: Dodged            |    54 |    40 ||    94
Block: Shield            |    82 |    68 ||   150
